 Dungeon Crawl Stone Soup version 0.19.4-10-g532645f (webtiles) character file.

22101 Magnus the Fencer (level 12, -1/92 HPs)
             Began as a Demonspawn Gladiator on Feb 25, 2017.
             Was a High Priest of Makhleb.
             Killed from afar by an ice dragon (36 damage)
             ... with a blast of cold
             ... in an ice cave.
             The game lasted 01:07:44 (16854 turns).

Magnus the Fencer (Demonspawn Gladiator)           Turns: 16854, Time: 01:07:44

Health: -1/92      AC: 13    Str: 16    XL:     12   Next: 60%
Magic:  19/19      EV: 15    Int: 11    God:    Makhleb [*****.]
Gold:   1257       SH:  0    Dex: 17    Spells: 0 memorised, 11 levels left

rFire  + . .     SeeInvis +     a - +1 long sword
rCold  . . .     Gourm    .     J - +2 ring mail {rPois}
rNeg   . . .     Faith    .     (no shield)
rPois  +         Spirit   .     (helmet unavailable)
rElec  .         Reflect  .     C - +0 cloak
rCorr  .         Harm     .     N - +2 pair of gloves
MR     .....                    (no boots)
Stlth  +++.......               (no amulet)
                                b - ring of see invisible
                                q - ring of protection from fire

@: no status effects
A: horns 3, icy blue scales 1, nightstalker 2, spiny 2
a: Minor Destruction, Lesser Servant of Makhleb, Major Destruction, Greater
Servant of Makhleb, Renounce Religion


You were in an ice cave.
You worshipped Makhleb.
Makhleb was extremely pleased with you.
You were very hungry.

You visited 3 branches of the dungeon, and saw 17 of its levels.
You also visited: Ice Cave.

You collected 1257 gold pieces.

Inventory:

Hand Weapons
 a - a +1 long sword (weapon)
Missiles
 d - a throwing net (quivered)
Armour
 i - a +0 scale mail of fire resistance
 C - a +0 cloak (worn)
 H - the cursed +1 scale mail of Thank Me Later {Regen+ Str+6}
   (You found it on level 7 of the Dungeon)

   It affects your strength (+6).
   It increases your rate of regeneration.
   It has a curse placed upon it.
 J - a +2 ring mail of poison resistance (worn)
 N - a +2 pair of gloves (worn)
Jewellery
 b - a ring of see invisible (right hand)
 q - a ring of protection from fire (left hand)
 O - an uncursed ring of flight
 R - an uncursed ring of protection from fire
 Y - the ring of Fayni {rPois Str+3 Dex+4}
   (You found it on level 1 of the Lair of Beasts)

   [ring of poison resistance]

   It affects your strength (+3).
   It affects your dexterity (+4).
   It protects you from poison.
Wands
 g - a wand of paralysis (1/24)
 k - a wand of paralysis (1/24)
 u - a wand of iceblast (6/15)
 F - a wand of disintegration (7/24)
 K - a wand of flame (15/48)
 M - a wand of confusion (14/48)
 S - a wand of iceblast (8/15)
 U - a wand of heal wounds (0/9)
Scrolls
 c - 3 scrolls of fog
 e - 3 scrolls of amnesia
 o - a scroll of magic mapping
 s - 5 scrolls of remove curse
 v - 2 scrolls of blinking
 x - a scroll of teleportation
 y - a scroll of fear
 z - 4 scrolls of enchant weapon
 B - a scroll of enchant armour {unknown}
 I - a scroll of recharging
 T - 2 scrolls of identify
Potions
 j - a potion of flight {unknown}
 l - 5 potions of curing
 m - a potion of lignification
 n - 2 potions of agility
 r - a potion of haste
 E - 2 potions of might {unknown}
 G - 2 potions of ambrosia {unknown}
 L - 2 potions of degeneration {unknown}
 P - a potion of mutation {unknown}
 W - a potion of brilliance {unknown}
 X - a potion of heal wounds
Books
 t - a book of Conjurations

   Spells                             Type                      Level
   a - Magic Dart                     Conjuration                  1
   b - Searing Ray                    Conjuration                  2
   c - Dazzling Spray                 Conjuration/Hexes            3
   d - Fulminant Prism                Conjuration/Hexes            4
   e - Iskenderun's Mystic Blast      Conjuration                  4
   f - Iskenderun's Battlesphere      Conjuration/Charms           5
 A - a book of Changes

   Spells                             Type                      Level
   a - Beastly Appendage              Transmutation                1
   b - Sticks to Snakes               Transmutation                2
   c - Spider Form                    Transmutation/Poison         3
   d - Ice Form                       Ice/Transmutation            4
   e - Blade Hands                    Transmutation                5
Comestibles
 f - 8 bread rations
 h - 30 fruits
 p - 6 slices of pizza
 w - 4 beef jerkies
 D - 3 meat rations
 V - a royal jelly


   Skills:
 + Level 7.7 Fighting
 + Level 15.1 Long Blades
 - Level 1.7 Throwing
 + Level 7.1 Dodging
 + Level 9.9 Invocations


You had 11 spell levels left.
You didn't know any spells.

Dungeon Overview and Level Annotations

Branches:
Dungeon (14/15)            Temple (1/1) D:4            Lair (2/6) D:10
    Orc (0/2) D:10         Vaults (0/5) D:14
  Swamp: Lair:2-4    Shoals: Lair:2-4     Snake: Lair:2-4    Spider: Lair:2-4

Altars:
Ashenzari
Cheibriados
Dithmenos
Elyvilon
Fedhas
Gozag
Hepliaklqana
Kikubaaqudgha
Makhleb
Nemelex Xobeh
Okawaru
Qazlal
Ru
Sif Muna
Trog
Uskayaw
Vehumet
Xom
Yredelemnul
Zin
The Shining One
Beogh

Shops:
D:7 *   D:11 =

Portals:
Trove: D:12 (give wand of heal wounds (9))

Annotations:
D:13 Erolcha, Rupert
D:14 exclusion: 3 doors, Agnes IceCv exclusion: ice statue


Innate Abilities, Weirdness & Mutations

You have a pair of large horns on your head.
You are partially covered in icy blue scales. (AC +2)
You are significantly more attuned to the shadows.
You are mostly covered in sharp spines.


Message History

Your green death barely misses the ice dragon.
The ice dragon completely misses your green death.
The ice dragon closely misses your green death.
The ice dragon tramples your green death!
Your green death stumbles backwards!
You hit the ice dragon but do no damage.
The ice dragon is lightly wounded.
The ice dragon breathes frost at you. The blast of cold hits you!
Your green death hits the ice dragon!
Unknown command.
You don't know any spells.
A demon appears!
The ice dragon barely misses you.
The ice dragon claws you but does no damage.
The ice dragon tramples you.
You hold your ground!
Your green death hits the ice dragon!
Unknown command.
You swap places.
The ice dragon breathes frost at you. The blast of cold hits you!
You die...

##..#
#.##
.....
##.#
.....
##.##
$..D.##
#.#.#
....#
##..#
#..# ##.#
##D# #..#
##2D#
##.##
#.@2#
#..#
#####..#
##.##
##...#.##
#.#.#
#..#...#
##.##
##.##..#
#..##
#..#.##
##..#
###.###
#..##
##...#
##.##
##..###


You could see 2 ice dragons, a friendly green death and a friendly blizzard
demon.

Vanquished Creatures
  A death knight (D:12)
  A tengu warrior (D:13)
  2 centaur warriors
  Sonja (D:10)
  2 hill giants
  A wolf spider zombie (D:11)
  An ugly thing (D:11)
  2 cyclopes
  An ice statue (IceCv)
  A spiny frog (Lair:1)
  2 kobold demonologists
  2 rime drakes (IceCv)
  A komodo dragon (D:10)
  A troll (D:13)
  3 two-headed ogres
  Prince Ribbit (D:7)
  A hornet (D:8)
  Grinder (D:5)
  5 blink frogs (Lair:1)
  3 slime creatures (D:12)
  3 hippogriffs
  2 shadows
  A wyvern (D:8)
  A spriggan (Lair:1)
  3 wraiths
  A hungry ghost (D:9)
  A soldier ant (D:13)
  2 water moccasins (Lair:1)
  3 porcupines (Lair:1)
  Edmund (D:4)
  16 ice beasts
  5 orc warriors
  2 sky beasts
  4 black bears
  3 eyes of draining
  2 necrophages
  A phantom (D:7)
  5 ogres
  9 centaurs
  A crocodile (Lair:1)
  4 big kobolds
  6 bullfrogs
  A gnoll sergeant (D:8)
  A water moccasin zombie (D:11)
  5 scorpions
  18 killer bees
  2 howler monkeys
  A bullfrog zombie (D:10)
  5 centaur zombies
  7 crimson imps
  A jelly (D:5)
  7 orc wizards
  7 hounds
  2 bullfrog skeletons
  5 orc priests
  An iron imp (D:9)
  3 centaur skeletons
  5 iguanas
  13 worker ants
  3 worker ant zombies
  2 howler monkey zombies
  3 gnolls (D:8)
  18 adders
  4 shadow imps
  2 oozes (D:2)
  2 adder skeletons
  2 adder zombies
  2 dart slugs
  3 leopard geckos
  42 orcs
  10 giant cockroaches
  10 goblins
  6 hobgoblins
  20 jackals
  3 quokkas
  A ball python (D:2)
  A ball python skeleton (D:5)
  6 bats
  8 frilled lizards
  2 goblin zombies (D:9)
  A hobgoblin zombie (D:9)
  23 kobolds
  4 kobold skeletons (D:9)
  A leopard gecko zombie (D:6)
  2 orc skeletons (D:9)
  An orc zombie (D:9)
  7 rats
  A fungus (D:3)
383 creatures vanquished.

Vanquished Creatures (collateral kills)
  A hill giant (D:12)
  A centaur skeleton (D:12)
  A slime creature (D:12)
  A worker ant (D:12)
4 creatures vanquished.

Grand Total: 387 creatures vanquished

Notes
Turn   | Place    | Note
-------+----------+-------------------------------------------
     0 | D:1      | Magnus the Demonspawn Gladiator began the quest for the Orb.
     0 | D:1      | Reached XP level 1. HP: 16/16 MP: 1/1
    72 | D:1      | Reached skill level 3 in Long Blades
   194 | D:1      | Gained mutation: You have a pair of small horns on your head. [demonic ancestry]
   194 | D:1      | Reached XP level 2. HP: 22/22 MP: 2/2
   286 | D:1      | Found a shattered altar of Ashenzari.
   624 | D:2      | Gained mutation: You have a pair of horns on your head. [demonic ancestry]
   624 | D:2      | Reached XP level 3. HP: 26/27 MP: 3/3
   666 | D:2      | Reached skill level 4 in Long Blades
   823 | D:2      | Reached XP level 4. HP: 19/33 MP: 4/4
  1518 | D:2      | Found a sacrificial altar of Ru.
  1583 | D:3      | Reached skill level 5 in Long Blades
  1745 | D:3      | Gained mutation: You are partially covered in sharp spines. [demonic ancestry]
  1745 | D:3      | Reached XP level 5. HP: 33/38 MP: 5/5
  1794 | D:3      | Noticed an ogre
  1832 | D:3      | Killed an ogre
  1920 | D:3      | Reached skill level 6 in Long Blades
  2430 | D:3      | Found a basalt altar of Yredelemnul.
  2780 | D:4      | Reached XP level 6. HP: 41/44 MP: 6/6
  2894 | D:4      | Noticed Edmund
  2904 | D:4      | Killed Edmund
  3070 | D:4      | Got a faintly humming leather armour
  3071 | D:4      | Identified the cursed +1 leather armour of Resonance {rN+ Regen+ Slay-4 Stlth+} (You found it on level 4 of the Dungeon)
  3176 | D:4      | Found a staircase to the Ecumenical Temple.
  3305 | Temple   | Entered the Ecumenical Temple
  3411 | Temple   | Became a worshipper of Makhleb the Destroyer
  3635 | D:5      | Entered Level 5 of the Dungeon
  3766 | D:5      | Reached skill level 7 in Long Blades
  4135 | D:5      | Gained mutation: You are partially covered in icy blue scales. (AC +2) [demonic ancestry]
  4135 | D:5      | Reached XP level 7. HP: 47/50 MP: 7/7
  4266 | D:5      | Noticed Grinder
  4274 | D:5      | Paralysed by Grinder for 5 turns
  4284 | D:5      | Killed Grinder
  4284 | D:5      | Reached skill level 8 in Long Blades
  5004 | D:5      | Reached skill level 9 in Long Blades
  5004 | D:5      | Gained mutation: You are mostly covered in sharp spines. [demonic ancestry]
  5004 | D:5      | Reached XP level 8. HP: 25/56 MP: 8/8
  5184 | D:6      | Found a white marble altar of Elyvilon.
  5282 | D:6      | Found a snail-covered altar of Cheibriados.
  5297 | D:6      | Found a shattered altar of Ashenzari.
  5376 | D:6      | Reached * piety under Makhleb
  5390 | D:6      | Reached skill level 10 in Long Blades
  5737 | D:6      | Reached ** piety under Makhleb
  6063 | D:7      | Reached skill level 11 in Long Blades
  6063 | D:7      | Gained mutation: You are slightly more attuned to the shadows. [demonic ancestry]
  6063 | D:7      | Reached XP level 9. HP: 61/61 MP: 9/9
  6436 | D:7      | Noticed Prince Ribbit
  6444 | D:7      | Killed Prince Ribbit
  6510 | D:7      | Got a steaming scale mail
  6511 | D:7      | Identified the cursed +1 scale mail of Thank Me Later {Regen+ Str+6} (You found it on level 7 of the Dungeon)
  6565 | D:7      | Found Zin's Purification Station.
  6569 | D:7      | Found a glowing silver altar of Zin.
  6996 | D:8      | Reached skill level 12 in Long Blades
  7696 | D:8      | Reached skill level 13 in Long Blades
  7745 | D:8      | Reached XP level 10. HP: 49/67 MP: 10/10
  8089 | D:9      | Reached *** piety under Makhleb
  8271 | D:9      | Found a glowing golden altar of the Shining One.
  8647 | D:9      | Found an opulent altar of Gozag.
  8948 | D:9      | Found a stormy altar of Qazlal.
  8949 | D:9      | Found an ancient bone altar of Kikubaaqudgha.
  9128 | D:10     | Entered Level 10 of the Dungeon
  9162 | D:10     | Found a staircase to the Lair.
  9396 | D:9      | Reached **** piety under Makhleb
  9884 | D:10     | Noticed Sonja
  9900 | D:9      | Reached skill level 14 in Long Blades
  9991 | D:10     | Killed Sonja
 10023 | D:10     | Noticed a hill giant
 10033 | D:10     | Killed a hill giant
 10294 | D:10     | Found a staircase to the Orcish Mines.
 10313 | D:10     | Found a roughly hewn altar of Beogh.
 10756 | D:10     | Noticed a rust devil
 10767 | D:10     | Gained mutation: You are significantly more attuned to the shadows. [demonic ancestry]
 10767 | D:10     | Reached XP level 11. HP: 35/76 MP: 7/14
 11281 | Lair:1   | Entered Level 1 of the Lair of Beasts
 11866 | D:11     | Reached skill level 5 in Invocations
 11983 | D:11     | Noticed a hill giant
 12006 | D:11     | Killed a hill giant
 12023 | D:11     | Noticed a cyan ugly thing
 12053 | D:11     | Reached skill level 5 in Dodging
 12109 | D:11     | Reached skill level 5 in Fighting
 12227 | D:11     | Reached ***** piety under Makhleb
 12233 | D:11     | Killed a cyan ugly thing
 12372 | D:11     | Found Sustragih's Jewellery Boutique.
 12666 | D:12     | Noticed a centaur warrior
 12673 | D:12     | Killed a centaur warrior
 12864 | D:12     | Noticed a death knight
 13261 | D:12     | Noticed a hill giant
 13305 | D:12     | Killed a hill giant
 13716 | D:12     | Found a portal to a secret trove of treasure.
 14019 | D:12     | Killed a death knight
 14036 | D:12     | Gained mutation: You have a pair of large horns on your head. [demonic ancestry]
 14036 | D:12     | Reached XP level 12. HP: 52/89 MP: 16/18
 14392 | D:13     | Noticed a centaur warrior
 14405 | D:13     | Killed a centaur warrior
 14439 | D:13     | Noticed a tengu warrior
 14460 | D:13     | Killed a tengu warrior
 14499 | D:13     | Noticed a six-headed hydra
 14803 | D:13     | Noticed Rupert
 15075 | D:13     | Noticed Erolcha
 15131 | D:14     | Found a gate to the Vaults.
 15131 | D:14     | Noticed a vault guard
 15131 | D:14     | Noticed a vault guard
 15144 | D:14     | Reached skill level 15 in Long Blades
 15203 | D:14     | Noticed a centaur warrior
 15272 | D:14     | Noticed Agnes
 15754 | Lair:1   | Got a glittering wooden ring
 15756 | Lair:1   | Identified the ring of Fayni {rPois Str+3 Dex+4} (You found it on level 1 of the Lair of Beasts)
 15987 | Lair:2   | Found a frozen archway.
 16000 | IceCv    | Entered an ice cave
 16847 | IceCv    | Noticed an ice dragon
 16847 | IceCv    | Noticed an ice dragon
 16854 | IceCv    | Killed from afar by an ice dragon

Skill      XL: |  1  2  3  4  5  6  7  8  9 10 11 12 |
---------------+-------------------------------------+-----
Long Blades    | 3 4 5 6 7 9 11 13 14 15 | 15.1
Dodging        | 4 6 7 |  7.1
Invocations    | 4 8 9 |  9.9
Fighting       | 3 6 7 |  7.7
Throwing       | |  1.7

Action                   |  1- 3 |  4- 6 |  7- 9 | 10-12 || total
-------------------------+-------+-------+-------+-------++-------
Melee: Long sword        |    63 |   131 |   270 |   730 ||  1194
       Headbutt          |     9 |    26 |    61 |   184 ||   280
Throw: Throwing net      |       |     2 |       |     1 ||     3
Invok: Minor Destruction |       |       |       |    13 ||    13
       Lesser Servant of |       |       |       |     6 ||     6
       Major Destruction |       |       |       |     1 ||     1
       Greater Servant o |       |       |       |     2 ||     2
Evoke: Wand              |       |       |       |    14 ||    14
  Use: Scroll            |       |     8 |     6 |    10 ||    24
       Potion            |       |       |     1 |    11 ||    12
 Stab: Sleeping          |       |     1 |     3 |    16 ||    20
       Held in net/web   |       |     1 |       |       ||     1
       Paralysed         |       |       |       |     5 ||     5
       Distracted        |       |       |       |     2 ||     2
  Eat: Chunk             |       |     7 |    10 |    28 ||    45
       Meat ration       |       |     1 |       |       ||     1
       Royal jelly       |       |       |       |     1 ||     1
Armor: Leather armour    |    14 |    30 |    40 |       ||    84
       Ring mail         |       |       |    12 |   169 ||   181
       Skin              |       |       |       |    26 ||    26
Dodge: Dodged            |    57 |    62 |   129 |   281 ||   529
       Rpst.: Long sword |    15 |    16 |    41 |    81 ||   153
